General information
- name: BNet
- type: Ladder team game (AT/RT)
- host: Battle.net
- saver: CreepyJake
map: DragonFalls
- players: 8
- length: 20:03
- speed: Fast
- version: 1.26 W3XP
- replay type: Public
» download(134 KB)
Players
team 1 (winner)
»
OPisaphag (
orange | 52 APM | 1035 actions | 20:03)
4 Demon Hunter 2 Evasion
2 Mana Burn
3 Priestess of the Moon 2 Trueshot Aura
1 Scout
» actions
Build / train | 80 | |
Enter build submenu | 18 | |
Enter hero's abilities submenu | 7 | |
Give item / drop item | 6 | |
Right click | 528 | |
Select / deselect | 347 | |
Use ability | 49 | |
1035 total
» units
Wisp | 20 | |
Archer | 4 | |
Chimaera | 7 | |
Hippogryph | 16 | |
47 total
» upgrades
Strength of the Wild | 3 | |
Reinforced Hides | 3 | |
Corrosive Breath | 1 | |
Well Spring | 1 | |
8 total
» buildings
Altar of Elders | 1 | |
Moon Well | 8 | |
Ancient of War | 1 | |
Ancient of Wonders | 1 | |
Tree of Ages | 1 | |
Tree of Life | 1 | |
Hunter's Hall | 1 | |
Ancient of Wind | 2 | |
Tree of Eternity | 1 | |
Chimaera Roost | 3 | |
20 total
» build order
00:08 Altar of Elders
00:20 Moon Well
00:47 Ancient of War
01:33 Moon Well
01:58 Ancient of Wonders
03:02 Tree of Ages
03:24 Moon Well
03:57 Tree of Life
04:30 Moon Well
04:35 Hunter's Hall
05:33 Ancient of Wind
05:59 Tree of Eternity
06:58 Moon Well
07:26 Moon Well
08:31 Chimaera Roost
08:32 Chimaera Roost
08:33 Chimaera Roost
10:06 Moon Well
10:09 Moon Well
12:18 Ancient of Wind
» items
Moonstone | 2 | |
Orb of Venom | 1 | |
Boots of Speed | 2 | |
Periapt of Vitality | 1 | |
Circlet of Nobility | 1 | |
Potion of Lesser Invulnerability | 1 | |
Scroll of Town Portal | 3 | |
Scroll of Regeneration | 1 | |
Potion of Healing | 2 | |
14 total
CreepyJake (
yellow | 61 APM | 1218 actions | 20:03)
7 Archmage 3 Summon Water Elemental
3 Brilliance Aura
1 Mass Teleport
» actions
Assign group hotkey | 173 | |
Basic commands | 14 | |
Build / train | 65 | |
Enter build submenu | 39 | |
Enter hero's abilities submenu | 7 | |
Give item / drop item | 3 | |
Right click | 458 | |
Select / deselect | 248 | |
Select group hotkey | 141 | |
Use ability | 70 | |
1218 total
» units
Peasant | 12 | |
Footman | 4 | |
Goblin Shredder | 1 | |
Goblin Zeppelin | 1 | |
Gryphon Rider | 10 | |
Green Dragon | 1 | |
29 total
» upgrades
Masonry | 3 | |
Swords | 3 | |
Armor | 3 | |
Animal War Training | 1 | |
Storm Hammers | 1 | |
11 total
» buildings
Altar of Kings | 1 | |
Barracks | 1 | |
Farm | 10 | |
Scout Tower | 16 | |
Arcane Tower | 1 | |
Keep | 1 | |
Lumber Mill | 1 | |
Arcane Vault | 1 | |
Town Hall | 1 | |
Guard Tower | 7 | |
Castle | 1 | |
Blacksmith | 2 | |
Gryphon Aviary | 4 | |
47 total
» build order
00:38 Altar of Kings
00:39 Barracks
00:52 Farm
00:54 Farm
00:56 Farm
01:05 Farm
01:34 Farm
02:25 Scout Tower
03:10 Arcane Tower
03:41 Keep
04:26 Lumber Mill
05:30 Arcane Vault
05:46 Town Hall
05:48 Scout Tower
05:48 Scout Tower
05:49 Scout Tower
05:50 Scout Tower
05:53 Scout Tower
06:21 Guard Tower
06:23 Scout Tower
07:35 Guard Tower
07:37 Castle
07:47 Scout Tower
07:48 Scout Tower
07:50 Scout Tower
07:50 Scout Tower
08:33 Guard Tower
08:35 Blacksmith
08:38 Blacksmith
09:10 Gryphon Aviary
09:11 Gryphon Aviary
09:37 Guard Tower
09:50 Gryphon Aviary
09:53 Gryphon Aviary
09:55 Guard Tower
10:48 Farm
11:48 Scout Tower
11:51 Scout Tower
11:55 Scout Tower
11:56 Scout Tower
11:57 Scout Tower
12:34 Guard Tower
13:14 Guard Tower
15:42 Farm
15:43 Farm
15:43 Farm
15:43 Farm
» items
Scroll of Regeneration | 2 | |
Mechanical Critter | 2 | |
Potion of Healing | 1 | |
Scroll of Town Portal | 2 | |
7 total
WalmartShopping (
pink | 55 APM | 1109 actions | 20:03)
3 Archmage 2 Summon Water Elemental
1 Brilliance Aura
» actions
Assign group hotkey | 1 | |
Basic commands | 88 | |
Build / train | 67 | |
Enter build submenu | 30 | |
Enter hero's abilities submenu | 3 | |
Right click | 476 | |
Select / deselect | 341 | |
Use ability | 103 | |
1109 total
» units
Peasant | 31 | |
Flying Machine | 5 | |
Siege Engine | 2 | |
38 total
» upgrades
Gunpowder | 2 | |
Plating | 2 | |
Magic Sentry | 1 | |
Lumber Harvesting | 2 | |
Barrage | 2 | |
Flying Machine Bombs | 1 | |
Flak Cannons | 1 | |
Masonry | 1 | |
12 total
» buildings
Altar of Kings | 1 | |
Farm | 6 | |
Lumber Mill | 1 | |
Scout Tower | 11 | |
Arcane Tower | 3 | |
Guard Tower | 3 | |
Keep | 2 | |
Castle | 2 | |
Town Hall | 1 | |
Arcane Sanctum | 1 | |
Blacksmith | 1 | |
Workshop | 12 | |
44 total
» build order
01:46 Altar of Kings
02:03 Farm
02:12 Lumber Mill
02:56 Scout Tower
03:24 Arcane Tower
03:45 Scout Tower
03:58 Farm
04:11 Guard Tower
05:25 Keep
05:26 Keep
05:47 Farm
05:50 Farm
07:20 Scout Tower
07:21 Scout Tower
07:31 Scout Tower
08:11 Castle
08:13 Farm
08:14 Farm
08:36 Town Hall
08:46 Arcane Sanctum
09:29 Blacksmith
09:50 Scout Tower
09:51 Scout Tower
09:59 Scout Tower
10:01 Scout Tower
10:18 Workshop
10:20 Workshop
10:24 Workshop
10:27 Workshop
10:31 Workshop
10:40 Guard Tower
10:42 Arcane Tower
11:40 Workshop
11:43 Workshop
12:00 Workshop
12:34 Workshop
13:00 Guard Tower
13:59 Workshop
14:02 Workshop
15:11 Workshop
17:00 Scout Tower
17:04 Scout Tower
RealGz (
purple | 29 APM | 577 actions | 20:03)
5 Mountain King 3 Storm Bolt
2 Bash
4 Dark Ranger 2 Black Arrow
2 Silence
» actions
Assign group hotkey | 3 | |
Basic commands | 6 | |
Build / train | 80 | |
Enter build submenu | 22 | |
Enter hero's abilities submenu | 9 | |
Give item / drop item | 1 | |
Right click | 199 | |
Select / deselect | 197 | |
Select group hotkey | 5 | |
Use ability | 55 | |
577 total
» units
Peasant | 7 | |
Footman | 9 | |
Priest | 5 | |
Sorceress | 5 | |
Knight | 4 | |
Rifleman | 5 | |
Thunder Lizard | 1 | |
Furbolg Shaman | 1 | |
Satyr Shadowdancer | 1 | |
38 total
» upgrades
Masonry | 3 | |
Swords | 3 | |
Plating | 2 | |
Lumber Harvesting | 2 | |
Defend | 1 | |
Magic Sentry | 1 | |
Gunpowder | 2 | |
Long Rifles | 1 | |
Armor | 2 | |
Animal War Training | 1 | |
18 total
» buildings
Altar of Kings | 1 | |
Farm | 15 | |
Barracks | 2 | |
Scout Tower | 5 | |
Arcane Tower | 2 | |
Lumber Mill | 1 | |
Arcane Vault | 1 | |
Keep | 1 | |
Blacksmith | 1 | |
Castle | 1 | |
Arcane Sanctum | 1 | |
Guard Tower | 3 | |
34 total
» build order
01:14 Altar of Kings
01:16 Farm
01:19 Barracks
01:22 Farm
01:25 Barracks
01:29 Farm
01:36 Farm
01:43 Scout Tower
02:11 Arcane Tower
03:06 Lumber Mill
03:12 Farm
03:13 Farm
03:16 Arcane Vault
03:34 Keep
04:12 Blacksmith
06:18 Castle
06:51 Scout Tower
07:18 Arcane Tower
07:22 Arcane Sanctum
08:04 Farm
08:14 Farm
09:29 Scout Tower
10:04 Guard Tower
10:08 Scout Tower
10:12 Scout Tower
10:44 Guard Tower
11:09 Guard Tower
11:51 Farm
11:52 Farm
11:57 Farm
11:58 Farm
11:59 Farm
12:02 Farm
15:30 Farm
» items
Scroll of Regeneration | 2 | |
Lesser Clarity Potion | 2 | |
4 total
team 2 (loser)
NoXzerDon_99 (
green | 39 APM | 771 actions | 19:37)
4 Blademaster 2 Wind Walk
2 Critical Strike
» actions
Basic commands | 3 | |
Build / train | 47 | |
Enter build submenu | 13 | |
Enter hero's abilities submenu | 4 | |
Give item / drop item | 1 | |
Right click | 456 | |
Select / deselect | 198 | |
Use ability | 49 | |
771 total
» units
Peon | 11 | |
Wind Rider | 5 | |
Troll Batrider | 11 | |
27 total
» upgrades
Ranged Weapons | 2 | |
Envenomed Spears | 1 | |
Liquid Fire | 1 | |
4 total
» buildings
Altar of Storms | 1 | |
Orc Burrow | 4 | |
Stronghold | 1 | |
War Mill | 2 | |
Voodoo Lounge | 1 | |
Beastiary | 2 | |
Fortress | 1 | |
Great Hall | 2 | |
14 total
» build order
00:08 Altar of Storms
00:21 Orc Burrow
02:51 Stronghold
02:55 Orc Burrow
02:58 War Mill
03:02 War Mill
04:04 Voodoo Lounge
05:20 Beastiary
05:23 Beastiary
06:33 Fortress
06:45 Orc Burrow
08:15 Orc Burrow
09:28 Great Hall
16:57 Great Hall
» items
Scroll of Speed | 1 | |
Lesser Clarity Potion | 4 | |
Healing Salve | 3 | |
Orb of Lightning | 1 | |
9 total
»
SirHumpsAlot (
blue | 26 APM | 508 actions | 19:32)
4 Blademaster 2 Wind Walk
2 Critical Strike
» actions
Build / train | 52 | |
ESC pressed | 2 | |
Enter build submenu | 24 | |
Enter hero's abilities submenu | 5 | |
Give item / drop item | 1 | |
Remove unit from queue | 8 | |
Right click | 238 | |
Select / deselect | 134 | |
Use ability | 44 | |
508 total
» units
Peon | 18 | |
Troll Headhunter/Berserker | 8 | |
Wind Rider | 2 | |
Raider | 2 | |
30 total
» upgrades
Ranged Weapons | 2 | |
Berserker Upgrade | 1 | |
3 total
» buildings
Altar of Storms | 1 | |
Orc Burrow | 5 | |
Barracks | 1 | |
Voodoo Lounge | 1 | |
War Mill | 2 | |
Stronghold | 1 | |
Watch Tower | 11 | |
Fortress | 1 | |
Beastiary | 2 | |
Great Hall | 2 | |
27 total
» build order
00:13 Altar of Storms
00:20 Orc Burrow
01:30 Barracks
01:41 Orc Burrow
01:49 Orc Burrow
02:07 Voodoo Lounge
02:52 War Mill
03:41 Stronghold
03:46 Orc Burrow
04:21 Watch Tower
05:33 Watch Tower
05:42 Orc Burrow
06:38 Fortress
06:44 Beastiary
07:01 Watch Tower
09:49 Beastiary
11:25 Great Hall
11:43 Watch Tower
11:44 Watch Tower
13:11 Great Hall
13:20 Watch Tower
13:22 Watch Tower
18:37 Watch Tower
18:39 Watch Tower
18:40 Watch Tower
18:42 Watch Tower
18:59 War Mill
» items
Healing Salve | 1 | |
Potion of Healing | 1 | |
Orb of Lightning | 1 | |
Tiny Great Hall | 1 | |
4 total
ASoIaF (
teal | 64 APM | 1264 actions | 19:54)
4 Mountain King 2 Storm Bolt
2 Bash
3 Paladin 1 Holy Light
1 Devotion Aura
1 Divine Shield
» actions
Assign group hotkey | 55 | |
Basic commands | 176 | |
Build / train | 103 | |
Enter build submenu | 37 | |
Enter hero's abilities submenu | 9 | |
Give item / drop item | 5 | |
Right click | 273 | |
Select / deselect | 288 | |
Select group hotkey | 263 | |
Use ability | 55 | |
1264 total
» units
Peasant | 20 | |
Rifleman | 6 | |
Mortar Team | 15 | |
Flying Machine | 21 | |
62 total
» upgrades
Masonry | 1 | |
Flare | 1 | |
Gunpowder | 2 | |
Lumber Harvesting | 1 | |
Plating | 2 | |
Flak Cannons | 1 | |
8 total
» buildings
Farm | 11 | |
Altar of Kings | 1 | |
Keep | 2 | |
Barracks | 1 | |
Blacksmith | 1 | |
Lumber Mill | 1 | |
Scout Tower | 16 | |
Arcane Tower | 2 | |
Guard Tower | 9 | |
Arcane Vault | 1 | |
Workshop | 4 | |
Town Hall | 1 | |
Castle | 3 | |
53 total
» build order
01:44 Farm
01:46 Altar of Kings
01:50 Keep
02:29 Barracks
02:32 Blacksmith
02:37 Farm
02:45 Lumber Mill
03:06 Farm
03:14 Scout Tower
03:42 Arcane Tower
04:11 Scout Tower
04:15 Farm
04:26 Scout Tower
04:44 Arcane Tower
04:50 Scout Tower
04:59 Farm
05:41 Guard Tower
05:50 Scout Tower
05:55 Farm
06:00 Guard Tower
06:25 Guard Tower
06:42 Arcane Vault
07:41 Workshop
07:45 Workshop
07:52 Town Hall
07:55 Scout Tower
07:56 Scout Tower
07:59 Scout Tower
08:01 Scout Tower
08:14 Scout Tower
08:15 Scout Tower
08:16 Scout Tower
08:19 Scout Tower
08:20 Scout Tower
08:21 Scout Tower
08:22 Scout Tower
08:35 Guard Tower
08:42 Guard Tower
09:05 Guard Tower
09:33 Guard Tower
09:38 Farm
09:40 Farm
09:42 Farm
09:52 Guard Tower
11:19 Guard Tower
11:54 Castle
11:54 Castle
12:08 Workshop
12:11 Workshop
12:30 Farm
12:34 Farm
» items
»
SaintSinner (
red | 32 APM | 644 actions | 20:02)
4 Tauren Chieftain 2 Endurance Aura
2 Shockwave
3 Pandaren Brewmaster 2 Breath of Fire
1 Drunken Haze
» actions
Basic commands | 1 | |
Build / train | 39 | |
Enter build submenu | 25 | |
Enter hero's abilities submenu | 7 | |
Right click | 296 | |
Select / deselect | 237 | |
Use ability | 39 | |
644 total
» units
Peon | 7 | |
Grunt | 5 | |
Demolisher | 2 | |
Wind Rider | 4 | |
18 total
» upgrades
Pillage | 1 | |
Melee Weapons | 1 | |
Spiked Barricades | 1 | |
Berserker Strength | 1 | |
Ranged Weapons | 2 | |
Backpack | 1 | |
Armor | 1 | |
Burning Oil | 1 | |
Ensnare | 1 | |
10 total
» buildings
Altar of Storms | 1 | |
Orc Burrow | 5 | |
Barracks | 1 | |
War Mill | 1 | |
Stronghold | 1 | |
Voodoo Lounge | 1 | |
Watch Tower | 5 | |
Fortress | 1 | |
Beastiary | 1 | |
Great Hall | 2 | |
19 total
» build order
00:39 Altar of Storms
00:58 Orc Burrow
01:01 Orc Burrow
01:06 Orc Burrow
02:06 Barracks
02:10 War Mill
03:04 Stronghold
04:26 Voodoo Lounge
04:47 Orc Burrow
05:46 Watch Tower
08:48 Fortress
08:51 Watch Tower
10:20 Beastiary
12:20 Orc Burrow
12:24 Watch Tower
12:33 Great Hall
15:27 Great Hall
15:31 Watch Tower
15:33 Watch Tower
Chat log
(00:25 / All) CreepyJake: Whether coat of gold or coat of red, a lion still has claws
(00:29 / All) CreepyJake: and mine are long and sharp my lord
(00:34 / All) CreepyJake: as long and sharp as yours
(00:38 / All) OPisaphag: lion king
(00:46 / All) CreepyJake: Orange knows what's up
(00:49 / Allies) WalmartShopping: we got 3 human...
(00:58 / All) OPisaphag: shit lol it was just a guess
(01:55 / Allies) CreepyJake: Pink is a white trash walmart shopper
(02:17 / Allies) WalmartShopping: actually
(02:21 / Allies) WalmartShopping: im from canada
(02:25 / Allies) WalmartShopping: i do not support walmart
(02:26 / Allies) WalmartShopping: lol
(02:27 / All) RealGz: lol
(02:34 / All) RealGz: fuckin canuks
(02:41 / Allies) WalmartShopping: i dotn watch hockey either...
(02:51 / Allies) CreepyJake: Yeah I ain't about that life
(03:00 / Allies) WalmartShopping: help
(03:17 / All) CreepyJake: Too many maphackers
(03:23 / All) ASoIaF: Lol
(03:33 / Allies) CreepyJake: goddamn I creep the greens this one time and fucking faggot orange takes the xpo
(03:43 / Allies) OPisaphag: how i roll
(03:49 / Allies) CreepyJake: look at my peons
(04:08 / Allies) CreepyJake: was gonna fast expo
(04:14 / Allies) CreepyJake: Next time I'll remember to just rush to the expo
(04:15 / Allies) OPisaphag: wasnt fast enough
(04:22 / Allies) CreepyJake: Yeah because I had a queer on my team
(04:27 / Allies) OPisaphag: :)
(04:37 / Allies) WalmartShopping: purp
(04:38 / Allies) WalmartShopping: get a fucken heri
(04:40 / Allies) OPisaphag: ill take that as a compliment
(05:16 / Allies) WalmartShopping: good job
(05:32 / All) RealGz: get that nigger shit out of my game
(05:54 / Allies) OPisaphag: hey nigger
(05:56 / Allies) OPisaphag: dont steal wells
(05:58 / Allies) CreepyJake: Lawl
(06:04 / Allies) CreepyJake: You fucked me
(06:04 / Allies) OPisaphag: or i wont carry u
(06:12 / Allies) CreepyJake: reason I had so many hurt shit
(06:19 / Allies) OPisaphag: learn to ele tank
(06:36 / Allies) CreepyJake: I had to walk my militia there doofus
(06:42 / Allies) OPisaphag: son...
(06:46 / Allies) OPisaphag: i am disappoint
(07:18 / All) ASoIaF: Sup
(07:40 / All) OPisaphag: u mh i saw it
(09:11 / Allies) WalmartShopping: im getting that sentry shuit
(09:14 / Allies) WalmartShopping: for this god dam
(09:14 / Allies) WalmartShopping: bms
(10:58 / Allies) CreepyJake: no one has aa
(11:02 / Allies) WalmartShopping: i have it
(11:08 / Allies) CreepyJake: not yet
(11:20 / Allies) CreepyJake: I think green mh
(12:08 / Allies) WalmartShopping: wood any11?
(12:20 / Allies) WalmartShopping: no1 has wood
(13:03 / All) ASoIaF: Suip bro0
(13:05 / All) ASoIaF: owned]
(13:14 / All) ASoIaF: Come back anytime bitch
(13:16 / Allies) WalmartShopping: he mh so hard
(14:02 / All) CreepyJake: you're really good teal, it takes talent to dl mh
(14:09 / All) ASoIaF: Cry bitch
(14:10 / All) ASoIaF: Smurfm ore.
(15:01 / All) ASoIaF: SUP OJ
(15:13 / All) ASoIaF: Sup play
(15:17 / All) ASoIaF: Pussy shits
(15:19 / All) ASoIaF: come on
(15:22 / All) CreepyJake: Says the mher
(15:30 / All) ASoIaF: be a man
(15:32 / All) ASoIaF: If you get jumped on
(15:34 / All) ASoIaF: Die with honor.
(15:47 / All) WalmartShopping: well see who wins this game
(15:53 / All) ASoIaF: Pussy
(15:57 / All) CreepyJake: be a man, don't pretend you're good when you have mh and latency hack
(16:03 / All) ASoIaF: Cry bitch
(16:06 / All) ASoIaF: Lvl 1 new acct ftw
(16:07 / All) ASoIaF: U smurf nub
(16:19 / All) ASoIaF: SUP
(16:37 / All) ASoIaF: i own u
(16:39 / All) ASoIaF: Suck my dick now
(17:10 / All) RealGz: i just got a boner
(17:25 / All) ASoIaF: From a 4v1?
(17:26 / All) ASoIaF: Cool
(17:28 / All) WalmartShopping: i think we know hwo won this game
(17:33 / All) ASoIaF: 4v1?
(17:46 / Allies) CreepyJake: hall him
(17:52 / All) SirHumpsAlot: team of cry babies
(17:57 / All) ASoIaF: Bad team
(17:58 / All) ASoIaF: FTW
(17:59 / All) CreepyJake: lol
(18:02 / All) WalmartShopping: teal uve done fuck all
(18:04 / All) ASoIaF: I own yellow 1v1
(18:07 / All) ASoIaF: I own OJ 1v1
(18:19 / All) CreepyJake: talks the talk but can't awlk the walk
(18:26 / All) WalmartShopping: EXACTLY
(18:27 / All) OPisaphag: bye teal
(18:31 / All) ASoIaF: Bro ur bad
(18:34 / All) ASoIaF: OJ I own u bro
(18:36 / All) ASoIaF: Get skill
(18:51 / All) OPisaphag: bye teal
(19:09 / All) CreepyJake: wow you counter one player too bad it's 4v4
(19:09 / All) ASoIaF: Lucky I had no team
(19:10 / All) ASoIaF: Bitch
(19:16 / All) ASoIaF: I countered 2*
(19:18 / All) SirHumpsAlot: lol
(19:19 / All) CreepyJake: K
(19:20 / All) NoXzerDon_99: lol teal suck
(19:21 / All) ASoIaF: Hence u TPd like a littel bitch
(19:24 / All) CreepyJake: Teal worst player here
(19:24 / All) ASoIaF: Forced 2 TPs from OJ
(19:26 / All) ASoIaF: Point proven
(19:27 / All) ASoIaF: KTHX
(19:30 / All) OPisaphag: uh 1 lol
(19:31 / All) CreepyJake: Heh
(19:31 / All) ASoIaF: Next timwe
(19:33 / All) NoXzerDon_99: teal u suck
(19:33 / All) OPisaphag: and i made u tp
(19:33 / All) ASoIaF: Be a man
(19:35 / All) CreepyJake: You attack my base yet?
(19:36 / All) ASoIaF: If you lose a fight
(19:38 / All) ASoIaF: Diel ike a bitch
(19:41 / All) OPisaphag: u jelly
(19:45 / All) ASoIaF: 1v1?
(19:46 / All) OPisaphag: u mirin my aestetics
(19:51 / All) ASoIaF: Thoughtso
(19:52 / All) ASoIaF: KThx